 Dungeon Crawl Stone Soup version 0.28-a0-529-g3bad584f25 (webtiles) character file.

Game seed: 8877879240133918849

204 demibob the Insei (level 5, -4/61 HPs)
             Began as a Demonspawn Monk on Sept 24, 2021.
             Was a Follower of Uskayaw.
             Slain by Menkaure (5 damage)
             ... on level 4 of the Dungeon.
             The game lasted 00:05:03 (3785 turns).

demibob the Insei (Demonspawn Monk)                 Turns: 3785, Time: 00:05:04

Health: -4/61      AC: 22    Str:  9 (11) XL:     5   Next: 52%
Magic:  5/5        EV:  2    Int:  9 (11) God:    Uskayaw [*.....]
Gold:   107        SH:  0    Dex: 14 (17) Spells: 4/4 levels left

rFire   . . .      SeeInvis .     - Unarmed
rCold   . . .      Faith    .   (no shield)
rNeg    + + +      Spirit   .   (armour currently unavailable)
rPois   +          Reflect  .   (helmet currently unavailable)
rElec   .          Harm     .   (cloak currently unavailable)
rCorr   .          Rampage  .   (gloves currently unavailable)
Will    .....      NoTele   +   (boots currently unavailable)
Stlth   ++........              (no amulet)
HPRegen 0.20/turn               (no ring)
MPRegen 0.09/turn               (no ring)

@: tree-form
A: stationary, stasis, torment immunity, boosted hp, (antennae 1), powered by
death 1
a: Renounce Religion, Stomp


You were on level 4 of the Dungeon.
You worshipped Uskayaw.
Uskayaw was noncommittal.
You were a tree.
You visited 1 branch of the dungeon, and saw 4 of its levels.

You collected 107 gold pieces.


Innate Abilities, Weirdness & Mutations

You are a tree.
Your roots penetrate the ground, keeping you stationary.
You cannot be teleported.
You are immune to unholy pain and torment.
Your maximum health is greatly increased.
Your equipment is partially melded.
((You have a pair of small antennae on your head.))
You regenerate a little health from kills.


   Skills:
 - Level 3.0 Fighting
 - Level 2.6 Dodging
 - Level 1.7 Stealth
 + Level 5.7 Unarmed Combat


You had 4 spell levels left.
You didn't know any spells.
Your spell library contained the following spells:

 Spells                   Type           Power      Damage    Failure   Level
 Gell's Gravitas          Tloc           0%         N/A       77%         3
 Lesser Beckoning         Tloc           0%         N/A       77%         3
 Teleport Other           Tloc           0%         N/A       77%         3

Inventory:

Armour
 a - a +0 robe (melded)
 d - a scarf of harm
 g - a +0 pair of boots (melded)
Jewellery
 I - a +6 ring of intelligence
Scrolls
 c - 2 scrolls of teleportation {unknown}
 e - a scroll of amnesia {unknown}
 h - 2 scrolls of identify {unknown}
Potions
 f - 2 potions of degeneration

Dungeon Overview and Level Annotations

Branches:
Dungeon (4/15)
 Temple: D:4-7

Altars:
Uskayaw

Annotations:
D:2 Sigmund
D:4 Menkaure

#.##.# #.#.#.#
#.##.# #.#.#.#
#.##.# #<#.#.#
#.##.#####.#.#
#....#.....#.#
######.#####.#
#.# #.#
#.#####M#
#.....♣.#
#########


You could see Menkaure.


Message History

The adder bites you.
You hit the adder.
The adder is heavily wounded.
The adder bites you.
You completely miss the adder.
The adder is heavily wounded.
The adder bites you but does no damage.
You punch the adder!
You kill the adder!
Menkaure is nearby!
You start resting.
You sense a monster nearby.
Menkaure shouts!
You hit Menkaure. You punch Menkaure.
Menkaure is moderately damaged.
Menkaure hits you!!
Ouch! That really hurt!
* * * LOW HITPOINT WARNING * * *
Really quaff the potion of lignification?
You turn into a tree.
Your +0 pair of boots melds into your body.
Your +0 robe melds into your body.
Your roots penetrate the ground.
You hit Menkaure.
Menkaure is moderately damaged.
Menkaure hits you.
* * * LOW HITPOINT WARNING * * *
You smack Menkaure!
Menkaure is almost destroyed.
Menkaure hits you.
You die...

Skill      XL: |  1  2  3  4 |
---------------+-------------+-----
Unarmed Combat | 3 4 5 |  5.7
Fighting       | |  3.0
Dodging        | |  2.6
Stealth        | |  1.7

Action                   |  1- 3 |  4- 6 || total
-------------------------+-------+-------++-------
Melee: Unarmed           |   122 |   124 ||   246
       Punch             |     1 |     3 ||     4
  Use: Potion            |     1 |     7 ||     8
 Stab: Sleeping          |     6 |     1 ||     7
       Held in net/web   |       |     1 ||     1
Armor: Robe              |    20 |    25 ||    45
       Skin              |       |     3 ||     3
Dodge: Dodged            |    91 |    52 ||   143

Levels and vault maps discovered:
D:1:      dpeg_arrival_tiny_j, layout_loops_ring
D:2:      layout_rooms, ebering_ecumenical_altar_webs, uniq_sigmund,
          uniq_natasha
D:3:      layout_basic
D:4:      layout_basic, minmay_temple_entry_glass, minmay_misc_feat_doors,
          kennysheep_generic_room_15, uniq_menkaure, uniq_ijyb

Notes
Turn   | Place    | Note
-------+----------+-------------------------------------------
     0 | D:1      | demibob the Demonspawn Monk began the quest for the Orb.
     0 | D:1      | Reached XP level 1. HP: 18/18 MP: 1/1
    48 | D:1      | Reached skill level 3 in Unarmed Combat
   201 | D:1      | Gained mutation: You regenerate a little health from kills.
                  | [demonic ancestry]
   201 | D:1      | Reached XP level 2. HP: 9/24 MP: 2/2
  1080 | D:2      | Gained mutation: You have a pair of small antennae on your
                  | head. [demonic ancestry]
  1080 | D:2      | Reached XP level 3. HP: 29/29 MP: 3/3
  1142 | D:2      | Reached skill level 4 in Unarmed Combat
  1446 | D:2      | Noticed Sigmund
  1496 | D:2      | Noticed Natasha
  1507 | D:2      | Killed Natasha
  1508 | D:2      | Reached XP level 4. HP: 7/35 MP: 4/4
  1530 | D:2      | Noticed Natasha
  1771 | D:2      | Killed Natasha
  2037 | D:2      | Found a faded altar of an unknown god.
  2047 | D:2      | Became a worshipper of Uskayaw the Reveller
  2047 | D:2      | Reached * piety under Uskayaw
  2047 | D:2      | Reached ** piety under Uskayaw
  2187 | D:2      | Noticed Natasha
  2198 | D:2      | Killed Natasha
  2199 | D:2      | Reached skill level 5 in Unarmed Combat
  2413 | D:3      | Reached *** piety under Uskayaw
  2424 | D:3      | HP: 5/52 [something/magic dart (2)]
  2429 | D:3      | Reached XP level 5. HP: 7/41 MP: 5/5
  2833 | D:3      | Identified a potion of resistance
  2866 | D:3      | HP: 1/41 [orc (9)]
  3739 | D:4      | Noticed Menkaure
  3782 | D:4      | HP: 1/41 [Menkaure (22)]
  3785 | D:4      | Slain by Menkaure

Vanquished Creatures
  Natasha (thrice) (D:2)
  2 orc wizards (D:3)
  2 adders
  2 dart slugs
  4 orcs (D:3)
  5 ball pythons
  2 endoplasms (D:1)
  2 giant cockroaches (D:1)
  4 goblins
  8 hobgoblins
  3 jackals (D:3)
  2 quokkas
  3 bats
  A frilled lizard (D:1)
  6 kobolds
  6 rats
55 creatures vanquished.

Table legend: (Time is in decaauts)
 A = Elapsed time spent in this place.
 B = Non-inter-level travel time spent in this place.
 C = Inter-level travel time spent in this place.
 D = Time resting spent in this place.
 E = Time spent auto-exploring this place.
 F = Levels seen in this place.
 G = Mean time per level.
                   A        B        C        D        E       F      G
               +--------+--------+--------+--------+--------+-----+--------+
         Total |   3789 |   3727 |     62 |   1506 |   1671 |   4 |  947.2 |
       Dungeon |   3789 |   3727 |     62 |   1506 |   1671 |   4 |  947.2 |
               +--------+--------+--------+--------+--------+-----+--------+

Top non-repeatable levels by time:
     D:3: 1657 daAuts
     D:1: 1054 daAuts
     D:2: 950 daAuts
     D:4: 127 daAuts

Table legend:
 A = Non-vault XP
 B = Vault XP
 C = Vault XP percentage of total XP
 D = Non-vault monster count
 E = Vault monster count
 F = Vault count percentage of total count
                 A         B        C        D         E       F
            +---------+---------+-------+---------+---------+-------
      Total |     257 |      35 |  12.0 |      54 |       1 |   1.8
            +---------+---------+-------+---------+---------+-------
        D:1 |      39 |       0 |   0.0 |      23 |       0 |   0.0
        D:2 |     101 |      35 |  25.7 |      13 |       1 |   7.1
        D:3 |     104 |       0 |   0.0 |      17 |       0 |   0.0
        D:4 |      13 |       0 |   0.0 |       1 |       0 |   0.0
            +---------+---------+-------+---------+---------+-------
